 Dungeon Crawl Stone Soup version 0.29.1-15-g9cfb28693d (webtiles) character file.

Game seed: 13522332976984072771

8127 DemonSlayer the Geomancer (level 11, -3/74 HPs)
             Began as a Demonspawn Earth Elementalist on Mar 1, 2023.
             Was an Initiate of Gozag.
             Slain by a killer bee (8 damage)
             ... on level 10 of the Dungeon.
             The game lasted 00:21:53 (10889 turns).

DemonSlayer the Geomancer (DsEE)                   Turns: 10889, Time: 00:21:53

Health: -3/74      AC:  9    Str: 13    XL:     11   Next: 5%
Magic:  3/25       EV: 12    Int: 19    God:    Gozag
Gold:   1628       SH: 10    Dex: 13    Spells: 8/30 levels left

rFire   + . .      SeeInvis .   g - +1 dagger
rCold   + . .      Faith    .   b - +2 buckler
rNeg    + . .      Spirit   .   d - +1 leather armour {rC+}
rPois   .          Reflect  .   (helmet restricted)
rElec   .          Harm     .   (no cloak)
rCorr   .          Rampage  .   (no gloves)
Will    .....                   C - +1 pair of boots
Stlth   ++........              y - amulet of regeneration
HPRegen 1.02/turn               n - ring of Votrol {Wiz rF+ Int+2}
MPRegen 0.19/turn               i - ring of positive energy

@: lethally poisoned (-3 -> -4)
A: horns 1, slimy green scales 2, powered by death 1, condensation shield
a: Renounce Religion, Potion Petition, Call Merchant, Bribe Branch


You were on level 10 of the Dungeon.
You worshipped Gozag.
Gozag was most pleased with you.
You visited 2 branches of the dungeon, and saw 11 of its levels.

You collected 1705 gold pieces.
You paid 77 gold pieces to Gozag.

Inventory:

Hand Weapons
 g - a +1 dagger (weapon)
Armour
 b - a +2 buckler (worn)
 d - a +1 leather armour of cold resistance (worn)
 C - a +1 pair of boots (worn)
Jewellery
 i - a ring of positive energy (right hand)
 m - a ring of magical power
 n - the ring of Votrol (left hand) {Wiz rF+ Int+2}
   (You found it on level 3 of the Dungeon)

   [ring of wizardry]

   It improves your spell success rate.
   Int:       It affects your intelligence (+2).
   rF:        It protects you from fire.
 y - an amulet of regeneration (around neck)
Wands
 w - a wand of charming (18)
 B - a wand of iceblast (4)
Scrolls
 c - 2 scrolls of magic mapping
 e - 6 scrolls of teleportation
 f - a scroll of fear
 j - a scroll of torment
 k - a scroll of vulnerability
 l - 5 scrolls of poison
 o - a scroll of butterflies
Potions
 a - 2 potions of curing
 h - a potion of attraction
 r - 2 potions of resistance
 v - 2 potions of mutation


   Skills:
 + Level 2.9 Fighting
 + Level 1.2 Short Blades
 + Level 3.2 Armour
 + Level 4.2 Dodging
 + Level 3.7 Stealth
 + Level 2.1 Shields
 + Level 10.0 Spellcasting
 + Level 2.4 Conjurations
 + Level 0.1 Hexes
 + Level 0.8 Transmutations
 + Level 10.0 Earth Magic
 + Level 0.3 Evocations


You had 8 spell levels left.
You knew the following spells:

 Your Spells              Type           Power      Damage    Failure   Level
a - Sandblast             Erth           94%        2d19      1%          1
b - Passwall              Tmut/Erth      25%        N/A       1%          2
c - Stone Arrow           Conj/Erth      66%        3d11      1%          3
d - Petrify               Tmut/Erth      30%        N/A       5%          4
e - Ensorcelled Hibernat  Hex/Ice        18%        N/A       8%          2
f - Dazzling Flash        Conj/Hex       28%        N/A       9%          3
g - Iskenderun's Mystic   Conj/Tloc      14%        2d5       28%         4
h - Summon Guardian Gole  Hex/Summ       9%         N/A       14%         3

Your spell library contained the following spells:

 Spells                   Type           Power      Damage    Failure   Level
 Foxfire                  Conj/Fire      56%        2x1d6     3%          1
 Apportation              Tloc           18%        N/A       4%          1
 Necrotise                Necr           36%        1d5       4%          1
 Summon Small Mammal      Summ           36%        N/A       4%          1
 Conjure Flame            Conj/Fire      14%        6-21      9%          3
 Spider Form              Tmut/Pois      11%        N/A       12%         3
 Inner Flame              Hex/Fire       9%         N/A       14%         3
 Call Canine Familiar     Summ           9%         N/A       16%         3
 Gell's Gravitas          Tloc           9%         N/A       16%         3
 Teleport Other           Tloc           9%         N/A       16%         3
 Flame Wave               Conj/Fire      14%        2d6       28%         4
 Anguish                  Hex/Necr       4%         N/A       41%         4
 Starburst                Conj/Fire      7%         6d4       98%         6
 Dispersal                Tloc           4%         N/A       99%         6


Dungeon Overview and Level Annotations

Branches:
Dungeon (10/15)            Temple (1/1) D:4            Lair (0/5) D:9
    Orc: D:9-12

Altars:
Ashenzari
Cheibriados
Dithmenos
Fedhas
Gozag
Hepliaklqana
Kikubaaqudgha
Makhleb
Nemelex Xobeh
Okawaru
Qazlal
Ru
Sif Muna
Trog
Uskayaw
Vehumet
Wu Jian
Xom
Yredelemnul

Annotations:
D:8 3 runed translucent doors


Innate Abilities, Weirdness & Mutations

You have a pair of small horns on your head.
You are mostly covered in slimy green scales. (AC +3)
You regenerate a little health from kills.
A meltable shield of frost defends you. (SH +4)


Message History

You barely miss the killer bee. Your headbutt misses the killer bee.
You feel sick.
The killer bee is no longer distracted by gold.
The killer bee stings you but does no damage.
The killer bee misses you.
You closely miss the killer bee. Your headbutt misses the killer bee.
You feel sick. The killer bee stings you. You block the killer bee's attack.
The killer bee barely misses you. You block the killer bee's attack.
You hit the killer bee. Your headbutt misses the killer bee.
The killer bee is lightly wounded.
You feel sick. You block the killer bee's attack.
The killer bee stings you but does no damage.
The killer bee closely misses you. The killer bee stings you.
* * * LOW HITPOINT WARNING * * *
You miss the killer bee. Your headbutt misses the killer bee.
The killer bee is lightly wounded.
You feel sick. You block the killer bee's attack. The killer bee stings you.
* * * LOW HITPOINT WARNING * * *
You block the killer bee's attack. The killer bee closely misses you.
You miss the killer bee. You headbutt the killer bee.
The killer bee is lightly wounded.
You feel sick. You block the killer bee's attack. x2
The killer bee stings you!
* * * LOW HITPOINT WARNING * * *
You are more poisoned.
The killer bee poisons you! The killer bee closely misses you.
You miss the killer bee.
The killer bee is lightly wounded.
You feel sick. The killer bee barely misses you.
The killer bee stings you but does no damage.
The killer bee stings you.
* * * LOW HITPOINT WARNING * * *
The killer bee closely misses you.
You miss the killer bee.
The killer bee is lightly wounded.
You feel sick. You block the killer bee's attack.
The killer bee closely misses you. The killer bee barely misses you.
The killer bee stings you!
You die...
Your body crumbles into a pile of gold.

#### ###....
.!..... . .......
..
.......########...
..................
#....y..$.......
+....$@.........
#....y..<.......
##'#######+##... #
.


You could see 2 killer bees.

Vanquished Creatures
  2 two-headed ogres
  An elephant (D:9)
  A troll (D:9)
  A hornet (D:9)
  6 yaks (D:8)
  3 wyverns
  2 basilisks (D:9)
  4 vampire mosquitoes (D:9)
  2 steam dragons
  3 water moccasins
  5 ice beasts
  2 sky beasts
  2 orc warriors (D:9)
  An ogre (D:6)
  3 centaurs (D:8)
  2 phantoms
  3 bullfrogs
  3 necrophages
  3 scorpions
  7 wights
  9 killer bees
  3 howler monkeys
  4 orc priests
  3 hounds
  A gnoll bouda (D:8)
  A jelly (D:4)
  6 iguanas
  Natasha (thrice) (D:2)
  4 orc wizards
  12 gnolls
  6 adders
  2 shadow imps
  2 worms
  40 orcs
  5 endoplasms
  5 giant cockroaches
  7 hobgoblins
  A quokka (D:2)
  6 ball pythons
  6 bats
  3 frilled lizards
  3 goblins
  10 kobolds
  4 rats
202 creatures vanquished.

Notes
Turn   | Place    | Note
-------+----------+-------------------------------------------
     0 | D:1      | DemonSlayer the Demonspawn Earth Elementalist began the
                  | quest for the Orb.
     0 | D:1      | Reached XP level 1. HP: 13/13 MP: 3/3
   252 | D:1      | Gained mutation: A meltable shield of frost defends you.
                  | (SH +4) [demonic ancestry]
   252 | D:1      | Reached XP level 2. HP: 19/19 MP: 3/5
   359 | D:1      | Found a faded altar of an unknown god.
   887 | D:1      | Learned a level 2 spell: Passwall
  1013 | D:2      | Reached XP level 3. HP: 19/24 MP: 2/6
  1335 | D:2      | Reached XP level 4. HP: 24/31 MP: 0/8
  1740 | D:2      | Noticed Natasha
  1747 | D:2      | Killed Natasha
  1748 | D:2      | Reached skill level 1 in Armour
  1998 | D:2      | Noticed Natasha
  2001 | D:2      | Killed Natasha
  2002 | D:2      | Gained mutation: You are partially covered in slimy green
                  | scales. (AC +2) [demonic ancestry]
  2002 | D:2      | Reached XP level 5. HP: 36/36 MP: 6/9
  2052 | D:2      | Noticed Natasha
  2059 | D:2      | Killed Natasha
  2306 | D:3      | Identified the ring of Votrol {Wiz rF+ Int+2}
  3162 | D:3      | Learned a level 3 spell: Stone Arrow
  3167 | D:3      | Learned a level 4 spell: Petrify
  3667 | D:4      | Found a staircase to the Ecumenical Temple.
  3671 | D:4      | Reached XP level 6. HP: 39/42 MP: 7/11
  3679 | Temple   | Entered the Ecumenical Temple
  4018 | Temple   | Became a worshipper of Gozag Ym Sagoz the Greedy
  4420 | D:5      | Entered Level 5 of the Dungeon
  4420 | D:5      | Noticed a water moccasin
  4426 | D:5      | HP: 2/40 [poisoned by a water moccasin]
  4759 | D:5      | Reached skill level 1 in Fighting
  4945 | D:5      | Gained mutation: You have a pair of small horns on your
                  | head. [demonic ancestry]
  4945 | D:5      | Reached XP level 7. HP: 42/48 MP: 5/14
  5069 | D:5      | Reached skill level 5 in Spellcasting
  5164 | D:5      | Reached skill level 5 in Earth Magic
  5452 | D:5      | Reached XP level 8. HP: 54/54 MP: 12/16
  5587 | D:5      | Learned a level 2 spell: Ensorcelled Hibernation
  5591 | D:5      | Learned a level 3 spell: Dazzling Flash
  6129 | D:6      | Gained mutation: You are mostly covered in slimy green
                  | scales. (AC +3) [demonic ancestry]
  6129 | D:6      | Reached XP level 9. HP: 59/59 MP: 16/20
  6183 | D:6      | Found a sparkling altar of Nemelex Xobeh.
  6537 | D:6      | Learned a level 4 spell: Iskenderun's Mystic Blast
  7398 | D:7      | Learned a level 3 spell: Summon Guardian Golem
  7559 | D:8      | Reached skill level 1 in Shields
  7929 | D:8      | Gained mutation: You regenerate a little health from kills.
                  | [demonic ancestry]
  7929 | D:8      | Reached XP level 10. HP: 48/67 MP: 13/23
  7935 | D:8      | HP: 5/100 [yak (11)]
  8134 | D:8      | Found a runed translucent gate.
  8135 | D:8      | Found a runed translucent gate.
  8156 | D:8      | Found a runed translucent gate.
  8158 | D:8      | Noticed a green ugly thing
  8159 | D:8      | Noticed a white ugly thing
  8160 | D:8      | Noticed a red ugly thing
  8160 | D:8      | Noticed a glowing orange brain
  8162 | D:8      | Noticed a red ugly thing
  8164 | D:8      | Noticed a purple ugly thing
  8539 | D:9      | Found a staircase to the Lair.
  8539 | D:9      | Noticed an elephant
  8761 | D:9      | Killed an elephant
  9746 | D:9      | Noticed a two-headed ogre
  9752 | D:9      | Killed a two-headed ogre
  9753 | D:9      | Reached skill level 1 in Conjurations
 10031 | D:9      | Reached skill level 10 in Earth Magic
 10309 | D:9      | Noticed a boulder beetle
 10833 | D:10     | Entered Level 10 of the Dungeon
 10840 | D:10     | Noticed a two-headed ogre
 10841 | D:10     | Reached skill level 1 in Short Blades
 10851 | D:10     | Killed a two-headed ogre
 10852 | D:10     | Reached skill level 10 in Spellcasting
 10852 | D:10     | Reached XP level 11. HP: 67/74 MP: 2/25
 10889 | D:10     | Slain by a killer bee

Illustrated notes

Levels and vault maps discovered:
D:1:      minmay_arrival_wavy_path, layout_basic,
          hellmonk_ecumenical_altar_zigzags
D:2:      layout_loops_ring, uniq_natasha
D:3:      wad_crossroads, layout_loops_ring
D:4:      layout_rooms, minmay_temple_entry_offerings, nicolae_zen_rock_garden
D:5:      layout_rooms, minmay_quadrilaterals
D:6:      layout_rooms, amcnicky_altar_gilded
D:7:      layout_layer_cave
D:8:      layout_rooms, ploomutoo_gammafunk_ghost_potion_laboratory
D:9:      layout_grid_maze, david_lair_generic, special_room [special_room_orc]
D:10:     layout_gridville, erik_orc_4, ebering_ghost_inner_flame
Temple:   roderic_octagonal_lattice_temple

Skill      XL: |  1  2  3  4  5  6  7  8  9 10 |
---------------+-------------------------------+-----
Earth Magic    | 3 4 5 7 8 10 | 10.0
Dodging        | 2 3 4 |  4.2
Spellcasting   | 3 4 5 7 9 10 | 10.0
Armour         | 1 2 3 |  3.2
Stealth        | 2 3 |  3.7
Fighting       | 1 2 |  2.9
Shields        | 1 2 |  2.1
Conjurations   | 2 |  2.4
Short Blades   | 1 |  1.2
Hexes          | |  0.1
Transmutations | |  0.8
Evocations     | |  0.3

Action                   |  1- 3 |  4- 6 |  7- 9 | 10-12 || total
-------------------------+-------+-------+-------+-------++-------
Melee: Unarmed           |     1 |       |       |       ||     1
       Dagger            |     6 |    20 |     3 |   100 ||   129
       Punch             |       |     1 |       |       ||     1
       Headbutt          |       |       |     1 |    22 ||    23
 Cast: Sandblast         |    48 |   112 |   187 |    33 ||   380
       Stone Arrow       |       |       |       |    84 ||    84
       Dazzling Flash    |       |       |       |     4 ||     4
       Petrify           |       |       |       |     1 ||     1
Evoke: Wand              |       |       |       |     7 ||     7
  Use: Scroll            |     3 |     2 |     7 |    11 ||    23
       Potion            |     1 |     1 |     3 |     4 ||     9
 Stab: Sleeping          |       |     3 |       |       ||     3
       Petrified         |       |       |       |     5 ||     5
Armor: Leather armour    |     8 |    17 |    34 |    50 ||   109
Dodge: Dodged            |    21 |    51 |    73 |   128 ||   273
Block: Other             |    12 |    20 |    24 |    26 ||    82
       Buckler           |       |       |       |    35 ||    35
